AoeStats
← O grande

MegaRandom

506387605Analyzed
1v1 RM · 19d ago on Sep 13, 2026· 25m 54s· 2 players
Game mode
Random Map
Map size
Tiny (2 player)
Population
200
Speed
Normal
Resources
Standard
Victory
Conquest
Starting age
Dark Age
Ending age
Imperial Age
RankedLock teamsTeams togetherTeam positionsShared explorationLock speedFull tech treeHidden civsTurbo modeCheats
Victory
Defeat
🇫🇮 Jurchens · Finland
2292
+5
🇧🇷 Tupi · Brazil
2005
-5
O grande
0:32 Loom
11:00 Feudal Age
12:25 Double-Bit Axe
14:21 Fletching
15:48 Town Watch
20:30 Padded Archer Armor
Tomppa
0:28 Loom
8:06 Feudal Age
9:18 Double-Bit Axe
10:32 Horse Collar
14:28 Forging
15:48 Bloodlines
16:14 Scale Barding Armor
21:09 Wheelbarrow
24:16 Castle Age
24:16 Light Cavalry
25:35 Iron Casting
24:40 Light Cavalry
26:34 Bow Saw
Connection lost

Rejoining the realm…

Still unreachable

The connection could not be restored.

Session expired

The server has moved on; the page needs a fresh start.